Unix NetHack Version 5.0.0-0 post-release - last build May 31 2026 23:59:36 (970b52f25bf058293b47ddfd14a1e40e571c508c,branch:main).

Game began 2026-06-07 14:14:42, ended 2026-06-07 14:37:28.

IanCurtis, chaotic male elven Wizard

                   -------------                             ----------
                   |....[......|               --------      .........|
        -----      |............###############.......|      |.....>..|
        |...|      |...........|             ##|......|     #.........|
        |.<..######.............###############|.....*|     #|........|
        |...|      -------.-----              #---.--.-     #|........|
        -.---             #                   ###########   #|........|
         #                ####         -----  ##   #    #   #--------.-
         #                   #         |...|   #   #    #####        ##
        ##                   ##        |...|   #   ###   ##           ##
        #              -------.--      |...----#   --.---#             #
        #              |........| )#*##.a...a@|#   |...[.########`     #
       -.-----         |..{.....-##    |.).)a_|#   |....|    ----.-----.-----
       |.....|         |........|      |.......#   |....|    |..............|
       |.....|         |......>.|      |.._----    |....|    |..............|
       |.....|         --------.-      |_..|       |....|    |..............|
       |.....-#################*       |...|       +....|    |..............|
       -------                         -----       ---#--    ----------------

IanCurtis the Thaumaturge  St:13 Dx:12 Co:16 In:20 Wi:9 Ch:8  Chaotic
Dlvl:2  $:544 HP:0(42) Pw:45(49) AC:8  Xp:6 T:4097  Burdened

Latest messages:
 There is a doorway here.
 You see here a rothe corpse.
 You have a little trouble lifting a rothe corpse.  Continue? [ynq] (q) y
 You have a little trouble lifting W - a rothe corpse.
 Your movements are slowed slightly because of your load.
 What do you want to drop? [$a-oqrtvwyB-FHIM-OS-W or ?*] W
 A rothe corpse lands on the altar.
 Your movements are now unencumbered.
 There is an uncursed rothe corpse here; sacrifice it? [ynq] (n) y
 Your sacrifice is consumed in a burst of flame!
 You glimpse a four-leaf clover at your feet.
 You hit the giant bat.
 The giant bat bites!
 The giant bat bites!
 In what direction? k
 The spell hits the giant bat!
 You kill the giant bat!
 You see here a giant bat corpse.
 You have a little trouble lifting a giant bat corpse.  Continue? [ynq] (q) y
 You have a little trouble lifting X - a giant bat corpse.
 Your movements are slowed slightly because of your load.
 What do you want to drop? [$a-oqrtvwyB-FHIM-OS-VX or ?*] X
 A giant bat corpse lands on the altar.
 Your movements are now unencumbered.
 There is an uncursed giant bat corpse here; sacrifice it? [ynq] (n) y
 Your sacrifice is consumed in a burst of flame!
 A morning star named Trollsbane appears at your feet!
 The voice of Anhur thunders: "Use my gift wisely!"
 You have a little trouble lifting a morning star named Trollsbane.  Continue? [ynq] (q) y
 You have a little trouble lifting Y - a morning star named Trollsbane.
 Your movements are slowed slightly because of your load.
 The giant ant bites!
 The magic-absorbing blade stuns the giant ant!
 The giant ant bites!
 You miss the rothe.
 The giant ant bites!
 The rothe hits!
 The rothe bites!
 The rothe bites again!
 The giant ant bites!
 The giant ant bites!
 The giant ant bites!
 The giant ant bites!
 The rothe hits!
 The rothe bites!
 The rothe bites again!
 The giant ant bites!
 The giant ant bites!
 You die...
 Do you want your possessions identified? [ynq] (y) q

Inventory:
 Coins    ('$')
  $ - 544 gold pieces
 Weapons  (')')
  a - the rustproof +1 Magicbane (weapon in right hand)
  H - a blessed +1 quarterstaff
  Y - the rustproof +2 Trollsbane
 Armor    ('[')
  q - an uncursed +0 orcish helm (being worn)
  b - an uncursed +0 cloak of magic resistance (being worn)
 Comestibles  ('%')
  V - an uncursed food ration
  M - a cursed fortune cookie
  t - an uncursed lembas wafer
 Scrolls  ('?')
  U - a blessed scroll of blank paper
  C - 2 uncursed scrolls of blank paper
  T - a cursed scroll of blank paper
  i - 2 uncursed scrolls of confuse monster
  r - 3 uncursed scrolls of identify
  j - a blessed scroll of magic mapping
  N - an uncursed scroll of scare monster
 Spellbooks  ('+')
  S - an uncursed spellbook of cancellation
  D - a cursed spellbook of cause fear
  m - an uncursed spellbook of create monster
  E - an uncursed spellbook of cure sickness
  l - a blessed spellbook of force bolt
 Potions  ('!')
  w - an uncursed potion of fruit juice
  g - an uncursed potion of gain ability
  f - 2 uncursed potions of gain energy
  B - 2 uncursed potions of healing
  h - an uncursed potion of object detection
  O - an uncursed potion of water
 Rings    ('=')
  y - a blessed +1 ring of gain strength
  F - an uncursed ring of invisibility
  e - an uncursed ring of poison resistance
  v - an uncursed ring of stealth
 Wands    ('/')
  c - a wand of magic missile (0:7)
  I - a wand of speed monster (0:2)
 Tools    ('(')
  o - an uncursed wooden harp
  n - a magic marker (0:20)
  d - a +0 pick-axe
  k - a cursed skeleton key

IanCurtis the Wizard's attributes:

Background:
 You were a Thaumaturge, a level 6 male elven Wizard.
 You were chaotic, on a mission for Anhur
 who was opposed by Ptah (lawful) and Thoth (neutral).
 You were right-handed.
 You were in the Dungeons of Doom, on level 2.
 You entered the dungeon 4097 turns ago.
 You had 433 experience points, 207 more were needed to attain level 7.

Basics:
 You had 0 out of 42 hit points.
 You had 45 out of 49 energy points (spell power).
 Your armor class was 8.
 Your wallet contained 544 zorkmids.
 Autopickup was off.

Final Characteristics:
 Your strength was 13 (limit:18).
 Your dexterity was 12 (limit:18).
 Your constitution was 16 (limit:16).
 Your intelligence was 20 (limit:20).
 Your wisdom was 9 (limit:20).
 Your charisma was 8 (limit:18).

Final Status:
 You weren't hungry.
 You were burdened; movement was slightly slowed.
 You were wielding a dagger.
 You had basic skill with dagger.

Final Attributes:
 You were piously aligned.
 You were magic-protected.
 You were sleep resistant.
 You were telepathic.
 You had infravision.
 You were warded.
 You were lucky.
 You are dead.

Miscellaneous:
 You encountered 1 bones level.
 Total elapsed playing time was 22 minutes and 46 seconds.

Major events:
 Turn
    1: IanCurtis the chaotic male elven Wizard entered the dungeon
  981: attained the rank of Conjurer (level 3)
 1835: entered the Gnomish Mines
 1966: was bestowed with Magicbane by Anhur
 3403: attained the rank of Thaumaturge (level 6)
 4092: was bestowed with Trollsbane by Anhur
 4097: killed by a giant ant

Spells:
 Name                 Level Category     Fail Retention
 force bolt             1   attack         0%   71%-80%
 create monster         2   clerical      48%  76%-100%
 cure sickness          3   healing       75%  76%-100%
 cancellation           7   matter       100%  76%-100%

Skills:
 Fighting Skills
   bare handed combat [Unskilled]
   riding             [Unskilled]
 Weapon Skills
   dagger             [Basic]
   knife              [Unskilled]
   axe                [Unskilled]
   short sword        [Unskilled]
   club               [Unskilled]
   mace               [Unskilled]
   morning star       [Unskilled]
   quarterstaff       [Basic]
   polearms           [Unskilled]
   spear              [Unskilled]
   trident            [Unskilled]
   sling              [Unskilled]
   dart               [Unskilled]
   shuriken           [Unskilled]
 Spellcasting Skills
   attack spells      [Basic]
   healing spells     [Unskilled]
   divination spells  [Unskilled]
   enchantment spells [Basic]
   clerical spells    [Unskilled]
   escape spells      [Unskilled]
   matter spells      [Unskilled]

Voluntary challenges:
 Character rerolling was not enabled.
 You never genocided any monsters.
 You never polymorphed an object.
 You never changed form.
 You used no wishes.
Achievements:
 You attained the rank of Conjurer.
 You entered the Gnomish Mines.
 You attained the rank of Thaumaturge.

 The Dungeons of Doom: levels 1 to 5
    Level 1:
       Some fountains.
    Level 2: <- You were here.
       Many altars to Anhur, a fountain.
       Stairs down to The Gnomish Mines.
       Final resting place for
          you, killed by a giant ant.
    Level 3: "vault, closed shop"
    Level 4:
    Level 5:
 The Gnomish Mines: levels 3 to 4
    Level 3:
    Level 4:
       Final resting place for
          nethacknoob-Val-Dwa-Fem-Law, killed by a rothe,
          ironrat-Wiz-Hum-Mal-Neu, killed by a rothe.


Vanquished creatures:
  2 rock piercers
  2 gnome leaders
  a paper golem
  a little dog
  a floating eye
  2 kittens
  3 dwarves
  a kobold leader
  6 rothes
  a centipede
  2 giant bats
  4 orc zombies
  a wererat
  a werejackal
  3 iguanas
  a coyote
  a hobbit
  4 manes
  a large kobold
  a hobgoblin
  a cave spider
  a yellow mold
  a green mold
  9 gnomes
  3 garter snakes
  a gecko
  3 jackals
  a fox
  5 goblins
  3 grid bugs
  a bat
  3 lichens
  a kobold zombie
  2 newts
74 creatures vanquished.

No species were genocided or became extinct.

Game over:
                       ----------
                      /          \
                     /    REST    \
                    /      IN      \
                   /     PEACE      \
                  /                  \
                  |    IanCurtis     |
                  |      544 Au      |
                  |   killed by a    |
                  |    giant ant     |
                  |                  |
                  |                  |
                  |       2026       |
                 *|     *  *  *      | *
        _________)/\\_//(\/(/\)/\//\/|_)_______

Goodbye IanCurtis the Wizard...

You died in The Dungeons of Doom on dungeon level 2 with 2432 points,
and 544 pieces of gold, after 4097 moves.
You were level 6 with a maximum of 42 hit points when you died.

